Jets vs Blackhawks
(R1)
Created - 23 mai 2013 at 19:20
Goals
|
| Jets |
0 |
2 |
0 |
1 |
3 |
| Blackhawks |
1 |
1 |
0 |
0 |
2 |
|
Shots
|
| Jets |
11 |
15 |
16 |
7 |
49 |
| Blackhawks |
6 |
7 |
7 |
12 |
32 |
|
1st period
1. Blackhawks , Hnat Domenichelli 1 (Scott Gomez) at 18:16
Penalties :
Colby Armstrong (Chi) for Boarding (Minor) at 2:40, Jason Allison (Win) for Holding (Minor) at 5:55, Adam Burish (Win) for Hooking (Minor) at 10:07, Brad Ference (Chi) for Interference (Minor) at 15:11
2nd period
2. Jets , Jason Allison 1 (Shane Doan) at 9:38 (PP)
3. Blackhawks , Daniel Carcillo 1 (Joe Sakic, Francis Bouillon) at 16:17
4. Jets , Darroll Powe 1 (Niklas Kronwall) at 16:54
Penalties :
Scott Gomez (Chi) for Diving (Minor) at 9:32, Chris Gratton (Chi) for Hooking (Minor) at 13:02, Joe Sakic (Chi) for Roughing (Minor) at 17:30, Bryce Salvador (Win) for Interference (Minor) at 17:30
3rd period
No Goal
Penalties :
Benoit Pouliot (Win) for Hooking (Minor) at 1:21, Steve McCarthy (Chi) for Holding (Minor) at 4:40, Alexei Kovalev (Chi) for Tripping (Minor) at 6:34, Brad Ference (Chi) for High sticking (Minor) at 8:51, Colby Armstrong (Chi) for Tripping (Minor) at 17:02
Overtime #1
5. Jets , Adam Burish 1 (Jason Arnott, Colin White) at 19:25
Penalties :
Scott Gomez (Chi) for Hooking (Minor) at 2:52, Joe Sakic (Chi) for Hooking (Minor) at 7:59, Mike Leclerc (Win) for Holding (Minor) at 10:19
Goalie Stats
Ilya Bryzgalov (Win), 30 saves from 32 shots - (0,938), W, 1-0-0, 79:25 minutes
Jocelyn Thibault (Chi), 46 saves from 49 shots - (0,939), OTL, 0-0-1, 79:25 minutes
Players Stats for Jets
Player Name G A P +/- PIM S H SB GA TA FO MP PP MP PK MP
------------------------------------------------------------------------------------
Adam Burish 1 0 1 1 2 3 1 0 2 1 0/0 18:03 0:21 1:08
Benoit Pouliot 0 0 0 -1 2 4 4 1 1 0 1/1 26:07 9:23 1:17
Bryce Salvador 0 0 0 -1 2 0 0 1 1 3 0/0 26:07 0:00 4:33
Colin White 0 1 1 2 0 1 0 2 0 1 0/0 16:31 0:00 3:23
Darroll Powe 1 0 1 0 0 5 1 1 0 1 1/5 12:35 0:06 1:18
David Vyborny 0 0 0 0 0 0 1 0 0 0 0/0 8:21 0:00 0:00
Dmitri Kalinin 0 0 0 -1 0 1 4 3 0 1 0/0 39:56 10:44 4:33
Jason Allison 1 0 1 -1 2 4 1 0 1 0 16/34 26:21 9:23 0:16
Jason Arnott 0 1 1 1 0 9 1 1 0 1 16/31 28:42 8:23 4:07
Jeff Schultz 0 0 0 -1 0 1 3 1 0 0 0/0 29:55 7:08 3:23
Jussi Jokinen 0 0 0 0 0 5 2 0 0 0 0/0 14:13 0:06 0:41
Keith Tkachuk 0 0 0 1 0 6 4 0 0 0 1/2 26:43 8:23 1:53
Martin Erat 0 0 0 0 0 2 3 0 0 0 0/0 18:33 8:08 0:00
Mike Leclerc 0 0 0 0 2 2 1 2 0 1 0/0 12:48 0:00 3:19
Niklas Kronwall 0 1 1 2 0 0 0 0 0 1 0/0 23:52 10:44 0:00
Pavel Kubina 0 0 0 -1 0 3 0 0 0 3 0/0 22:58 7:08 0:00
Shane Doan 0 1 1 -1 0 1 2 2 0 2 0/0 25:05 9:23 0:00
Tuomo Ruutu 0 0 0 0 0 2 1 0 1 0 3/6 10:15 0:00 1:53
Players Stats for Blackhawks
Player Name G A P +/- PIM S H SB GA TA FO MP PP MP PK MP
------------------------------------------------------------------------------------
Alexei Kovalev 0 0 0 -2 2 4 2 2 1 0 1/2 27:32 3:43 4:54
Brad Ference 0 0 0 0 4 2 2 0 0 0 0/0 12:42 0:00 1:00
Brooks Laich 0 0 0 1 0 0 1 0 0 0 3/4 12:03 0:00 3:55
Chris Gratton 0 0 0 0 2 1 2 2 0 0 4/8 15:50 0:06 1:10
Colby Armstrong 0 0 0 0 4 0 2 1 0 0 0/0 14:54 0:17 0:00
Craig Rivet 0 0 0 0 0 1 1 3 0 0 0/0 11:29 0:00 0:00
Daniel Carcillo 1 0 1 1 0 2 1 0 0 0 0/0 10:22 0:00 2:35
Francis Bouillon 0 1 1 0 0 1 2 0 1 1 0/0 38:54 5:39 10:28
Hnat Domenichelli 1 0 1 1 0 1 1 1 1 0 0/0 16:18 4:10 0:13
Joe Sakic 0 1 1 -2 4 3 2 0 1 0 23/44 30:51 3:43 8:22
Kris Versteeg 0 0 0 -2 0 4 0 0 1 0 2/3 32:21 3:26 9:28
Kristopher Letang 0 0 0 0 0 2 1 1 2 1 0/0 29:02 2:17 7:24
Loui Eriksson 0 0 0 0 0 2 2 0 0 0 0/1 13:11 0:00 0:00
Nicklas Lidstrom 0 0 0 0 0 3 2 0 7 2 0/0 38:54 5:39 10:28
Nils Ekman 0 0 0 1 0 1 2 1 0 0 0/1 16:05 4:10 0:00
Scott Gomez 0 1 1 1 4 2 2 1 1 1 8/16 21:29 4:10 4:46
Sergei Shirokov 0 0 0 1 0 3 1 0 0 0 0/0 6:45 0:03 0:00
Steve McCarthy 0 0 0 0 2 0 3 2 0 1 0/0 28:16 2:17 6:39
3 Stars
1 - Hnat Domenichelli (Chi)
2 - Daniel Carcillo (Chi)
3 - Darroll Powe (Win)
Power Play
Jets - 1 on 10 Attempt(s) - 10,00%
Blackhawks - 0 on 4 Attempt(s) - 0,00%
Penalty Kill
Jets - 4 on 4 Attempt(s) - 100,00%
- Score 0 goal in Penalty Kill
Blackhawks - 9 on 10 Attempt(s) - 90,00%
- Score 0 goal in Penalty Kill
Official
Referees : Kowal Tom and Pochmara Brian
Linesman : Scott Cherrey and Mike Cvik
Game Notes
19:25 of 1st overtime period - Jets goal is going for a video replay. After video review, Goal.
Finance
Level 1 -- Attendance: 5828 (97,13%) -- Ticket Income 512 864 $
Level 2 -- Attendance: 5000 (100,00%) -- Ticket Income 265 000 $
Level 3 -- Attendance: 1641 (82,05%) -- Ticket Income 55 794 $
Level 4 -- Attendance: 4000 (100,00%) -- Ticket Income 76 000 $
Luxury Box -- Attendance: 823 (82,30%) -- Ticket Income 144 025 $
Game was played at the Chicago Stadium
Total Attendance: 17292 (96,07%)
Total Ticket Income: 1 053 683 $
Other Income: 52 684 $
Total Income: 1 106 367 $
Jets
5 vs 5 Forward
Center Left Wing Right Wing Time % Phy DF OF
1 Jason Arnott Keith Tkachuk Adam Burish 35 1 2 2
2 Jason Allison Benoit Pouliot Shane Doan 34 1 1 3
3 Darroll Powe Jussi Jokinen Martin Erat 20 1 1 3
4 Tuomo Ruutu Mike Leclerc David Vyborny 11 1 2 2
5 vs 5 Defense
Defense Defense Time % Phy DF OF
1 Bryce Salvador Dmitri Kalinin 40 2 2 1
2 Pavel Kubina Jeff Schultz 30 2 2 1
3 Colin White Niklas Kronwall 20 1 2 2
4 Jeff Schultz Dmitri Kalinin 10 2 2 1
PowerPlay Forward
Center Left Wing Right Wing Time % Phy DF OF
1 Jason Allison Benoit Pouliot Shane Doan 60 1 0 4
2 Jason Arnott Keith Tkachuk Martin Erat 40 1 0 4
PowerPlay Defense
Defense Defense Time % Phy DF OF
1 Dmitri Kalinin Niklas Kronwall 60 0 1 4
2 Pavel Kubina Jeff Schultz 40 0 2 3
Penalty Kill 4 Players Forward
Center Wing Time % Phy DF OF
1 Jason Arnott Mike Leclerc 60 0 4 1
2 Tuomo Ruutu Keith Tkachuk 40 0 4 1
Penalty Kill 4 Players Defense
Defense Defense Time % Phy DF OF
1 Dmitri Kalinin Bryce Salvador 60 1 4 0
2 Colin White Jeff Schultz 40 1 4 0
Penalty Kill - 3 Players Forward
Forward Time % Phy DF OF
1 Keith Tkachuk 60 0 4 1
2 Jason Arnott 40 0 4 1
Penalty Kill - 3 Players Defense
Defense Defense Time % Phy DF OF
1 Dmitri Kalinin Bryce Salvador 60 1 2 2
2 Colin White Jeff Schultz 40 1 2 2
4 vs 4 Forward
Center Wing Time % Phy DF OF
1 Jason Allison Shane Doan 60 1 2 2
2 Jason Arnott Benoit Pouliot 40 1 2 2
4 vs 4 Defense
Defense Defense Time % Phy DF OF
1 Dmitri Kalinin Jeff Schultz 60 1 2 2
2 Niklas Kronwall Bryce Salvador 40 1 2 2
Last Minutes Offensive
Center Left Wing Right Wing Defense Defense
Jason Allison Benoit Pouliot Shane Doan Pavel Kubina Dmitri Kalinin
Last Minutes Defensive
Center Left Wing Right Wing Defense Defense
Jason Arnott Adam Burish Keith Tkachuk Bryce Salvador Dmitri Kalinin
Goaltenders
Starting : Ilya Bryzgalov
Backup : Maxime Daigneault
Extra Forwards
Normal : Jussi Jokinen, Benoit Pouliot, Keith Tkachuk - PP : Shane Doan, Benoit Pouliot - PK : Adam Burish
Extra Defensemen
Normal : Colin White, Jeff Schultz, Dmitri Kalinin - PP : Niklas Kronwall - PK : Bryce Salvador, Dmitri Kalinin
Penalty Shots
Jason Arnott, Benoit Pouliot, Keith Tkachuk, Shane Doan, Jason Allison
Blackhawks
5 vs 5 Forward
Center Left Wing Right Wing Time % Phy DF OF
1 Joe Sakic Kris Versteeg Alexei Kovalev 40 1 2 2
2 Scott Gomez Hnat Domenichelli Nils Ekman 30 1 2 2
3 Chris Gratton Loui Eriksson Colby Armstrong 20 1 2 2
4 Brooks Laich Daniel Carcillo Sergei Shirokov 10 1 2 2
5 vs 5 Defense
Defense Defense Time % Phy DF OF
1 Nicklas Lidstrom Francis Bouillon 40 1 2 2
2 Kristopher Letang Steve McCarthy 30 1 2 2
3 Craig Rivet Brad Ference 20 1 2 2
4 Nicklas Lidstrom Francis Bouillon 10 1 2 2
PowerPlay Forward
Center Left Wing Right Wing Time % Phy DF OF
1 Joe Sakic Kris Versteeg Alexei Kovalev 60 1 2 2
2 Scott Gomez Hnat Domenichelli Nils Ekman 40 1 2 2
PowerPlay Defense
Defense Defense Time % Phy DF OF
1 Nicklas Lidstrom Francis Bouillon 60 1 2 2
2 Kristopher Letang Steve McCarthy 40 1 2 2
Penalty Kill 4 Players Forward
Center Wing Time % Phy DF OF
1 Joe Sakic Kris Versteeg 60 1 2 2
2 Alexei Kovalev Scott Gomez 40 1 2 2
Penalty Kill 4 Players Defense
Defense Defense Time % Phy DF OF
1 Nicklas Lidstrom Francis Bouillon 60 1 2 2
2 Kristopher Letang Steve McCarthy 40 1 2 2
Penalty Kill - 3 Players Forward
Forward Time % Phy DF OF
1 Joe Sakic 60 1 2 2
2 Kris Versteeg 40 1 2 2
Penalty Kill - 3 Players Defense
Defense Defense Time % Phy DF OF
1 Nicklas Lidstrom Francis Bouillon 60 1 2 2
2 Kristopher Letang Steve McCarthy 40 1 2 2
4 vs 4 Forward
Center Wing Time % Phy DF OF
1 Joe Sakic Kris Versteeg 60 1 2 2
2 Alexei Kovalev Scott Gomez 40 1 2 2
4 vs 4 Defense
Defense Defense Time % Phy DF OF
1 Nicklas Lidstrom Francis Bouillon 60 1 2 2
2 Kristopher Letang Steve McCarthy 40 1 2 2
Last Minutes Offensive
Center Left Wing Right Wing Defense Defense
Joe Sakic Kris Versteeg Alexei Kovalev Nicklas Lidstrom Francis Bouillon
Last Minutes Defensive
Center Left Wing Right Wing Defense Defense
Joe Sakic Kris Versteeg Alexei Kovalev Nicklas Lidstrom Francis Bouillon
Goaltenders
Starting : Jocelyn Thibault
Backup : Tyler Weiman
Extra Forwards
Normal : Chris Gratton, Colby Armstrong, Brooks Laich - PP : Chris Gratton, Colby Armstrong - PK : Brooks Laich
Extra Defensemen
Normal : Craig Rivet, Brad Ference, Kristopher Letang - PP : Craig Rivet - PK : Brad Ference, Kristopher Letang
Penalty Shots
Joe Sakic, Kris Versteeg, Alexei Kovalev, Scott Gomez, Nils Ekman
% Time on Ice - Jets
Lines # - Real PCT - Wanted PCT - Time Play
Normal Forward
1 - 34% - 35% - 17:41
2 - 29% - 34% - 14:56
3 - 21% - 20% - 10:42
4 - 16% - 11% - 8:19
Normal Defense
1 - 43% - 40% - 22:10
2 - 33% - 30% - 17:14
3 - 20% - 20% - 10:33
4 - 3% - 10% - 1:41
PP Forward
1 - 53% - 60% - 9:26
2 - 47% - 40% - 8:26
PP Defense
1 - 60% - 60% - 10:44
2 - 40% - 40% - 7:08
PK Forward
1 - 76% - 60% - 6:03
2 - 24% - 40% - 1:53
PK Defense
1 - 57% - 60% - 4:33
2 - 43% - 40% - 3:23
PK3 Forward
1 - 0% - 60%
2 - 0% - 40%
PK3 Defense
1 - 0% - 60%
2 - 0% - 40%
44 Forward
1 - 80% - 60% - 1:35
2 - 20% - 40% - 0:24
44 Defense
1 - 66% - 60% - 1:19
2 - 34% - 40% - 0:40
Last Minute Offensive - 0:00
Last Minute Defensive - 0:00
Total
Forward - 79:25
Defense - 79:25
|
% Time on Ice - Blackhawks
Lines # - Real PCT - Wanted PCT - Time Play
Normal Forward
1 - 37% - 40% - 19:10
2 - 24% - 30% - 12:35
3 - 26% - 20% - 13:11
4 - 13% - 10% - 6:42
Normal Defense
1 - 41% - 40% - 21:19
2 - 36% - 30% - 18:23
3 - 22% - 20% - 11:29
4 - 1% - 10% - 0:27
PP Forward
1 - 47% - 60% - 3:46
2 - 53% - 40% - 4:10
PP Defense
1 - 71% - 60% - 5:39
2 - 29% - 40% - 2:17
PK Forward
1 - 69% - 60% - 12:11
2 - 31% - 40% - 5:36
PK Defense
1 - 58% - 60% - 10:23
2 - 42% - 40% - 7:24
PK3 Forward
1 - 100% - 60% - 0:05
2 - 0% - 40% - 0:00
PK3 Defense
1 - 100% - 60% - 0:05
2 - 0% - 40% - 0:00
44 Forward
1 - 100% - 60% - 1:59
2 - 0% - 40% - 0:00
44 Defense
1 - 51% - 60% - 1:01
2 - 49% - 40% - 0:58
Last Minute Offensive - 0:00
Last Minute Defensive - 0:00
Total
Forward - 79:25
Defense - 79:25
|
Play by Play
1st period
0:01 of 1st period - Jason Arnott wins face-off versus Joe Sakic in neutral zone.
0:04 of 1st period - Nicklas Lidstrom is hit by Keith Tkachuk and loses puck.
0:38 of 1st period - Slapshot by Benoit Pouliot.
0:38 of 1st period - Stopped by Jocelyn Thibault with a rebound.
1:12 of 1st period - Slapshot by Sergei Shirokov.
1:12 of 1st period - Shot Blocked by Mike Leclerc.
1:34 of 1st period - Wrist shot by Adam Burish.
1:34 of 1st period - Stopped by Jocelyn Thibault with a rebound.
1:36 of 1st period - Wrist shot by Jason Arnott.
1:36 of 1st period - Stopped by Jocelyn Thibault without a rebound.
1:37 of 1st period - Jason Arnott wins face-off versus Joe Sakic in Blackhawks zone.
1:40 of 1st period - Snap shot by Jason Arnott.
1:40 of 1st period - Stopped by Jocelyn Thibault without a rebound.
1:41 of 1st period - Joe Sakic wins face-off versus Jason Allison in Blackhawks zone.
2:28 of 1st period - Steve McCarthy is hit by Darroll Powe and loses puck.
2:40 of 1st period - Minor Penalty to Colby Armstrong for Boarding.
2:41 of 1st period - Joe Sakic wins face-off versus Jason Allison in Blackhawks zone.
4:40 of 1st period - Penalty to Colby Armstrong is over, Colby Armstrong is back on ice.
4:47 of 1st period - Slapshot by Jussi Jokinen.
4:47 of 1st period - Stopped by Jocelyn Thibault without a rebound.
4:48 of 1st period - Chris Gratton wins face-off versus Tuomo Ruutu in Blackhawks zone.
5:06 of 1st period - Brad Ference is hit by Tuomo Ruutu and loses puck.
5:54 of 1st period - Snap shot by Joe Sakic.
5:54 of 1st period - Deflect By Daniel Carcillo.
5:54 of 1st period - Shot Misses the Net.
5:54 of 1st period - Puck is out of play.
5:55 of 1st period - Brooks Laich wins face-off versus Jason Allison in Jets zone.
5:55 of 1st period - Minor Penalty to Jason Allison for Holding.
5:56 of 1st period - Joe Sakic wins face-off versus Jason Arnott in Jets zone.
5:57 of 1st period - Slapshot by Kris Versteeg.
5:57 of 1st period - Shot Blocked by Mike Leclerc.
5:59 of 1st period - Snap shot by Joe Sakic.
5:59 of 1st period - Deflect By Kris Versteeg.
5:59 of 1st period - Shot Misses the Net.
5:59 of 1st period - Puck is out of play.
6:00 of 1st period - Joe Sakic wins face-off versus Jason Arnott in Jets zone.
6:16 of 1st period - Off-side.
6:17 of 1st period - Jason Arnott wins face-off versus Scott Gomez in neutral zone.
7:04 of 1st period - Slapshot by Keith Tkachuk.
7:04 of 1st period - Stopped by Jocelyn Thibault without a rebound.
7:05 of 1st period - Jason Arnott wins face-off versus Scott Gomez in Blackhawks zone.
7:16 of 1st period - Wrist shot by Jason Arnott.
7:16 of 1st period - Stopped by Jocelyn Thibault without a rebound.
7:17 of 1st period - Joe Sakic wins face-off versus Jason Arnott in Blackhawks zone.
7:28 of 1st period - Snap shot by Alexei Kovalev.
7:28 of 1st period - Shot Blocked by Jeff Schultz.
7:55 of 1st period - Penalty to Jason Allison is over, Jason Allison is back on ice.
8:22 of 1st period - Off-side.
8:23 of 1st period - Jason Allison wins face-off versus Joe Sakic in neutral zone.
8:26 of 1st period - Snap shot by Jason Allison.
8:26 of 1st period - Shot Blocked by Kristopher Letang.
8:45 of 1st period - Icing by Pavel Kubina.
8:46 of 1st period - Scott Gomez wins face-off versus Jason Allison in Jets zone.
8:49 of 1st period - Wrist shot by Scott Gomez.
8:49 of 1st period - Deflect By Nils Ekman.
8:49 of 1st period - Shot Misses the Net.
8:49 of 1st period - Puck is out of play.
8:50 of 1st period - Scott Gomez wins face-off versus Jason Allison in Jets zone.
8:51 of 1st period - Backhand shot by Nils Ekman.
8:51 of 1st period - Shot Blocked by Shane Doan.
8:53 of 1st period - Snap shot by Nicklas Lidstrom.
8:53 of 1st period - Shot Misses the Net.
8:55 of 1st period - Wrist shot by Hnat Domenichelli.
8:55 of 1st period - Shot Misses the Net.
8:57 of 1st period - Snap shot by Nils Ekman.
8:57 of 1st period - Stopped by Ilya Bryzgalov without a rebound.
8:58 of 1st period - Joe Sakic wins face-off versus Jason Allison in Jets zone.
8:58 of 1st period - Joe Sakic is hit by Dmitri Kalinin.
9:28 of 1st period - Wrist shot by Jason Arnott.
9:28 of 1st period - Stopped by Jocelyn Thibault with a rebound.
9:30 of 1st period - Wrist shot by Jason Arnott.
9:30 of 1st period - Stopped by Jocelyn Thibault without a rebound.
9:31 of 1st period - Kris Versteeg wins face-off versus Jason Arnott in Blackhawks zone.
9:38 of 1st period - Adam Burish is hit by Joe Sakic and loses puck.
9:57 of 1st period - Pavel Kubina is hit by Sergei Shirokov and loses puck.
10:07 of 1st period - Minor Penalty to Adam Burish for Hooking.
10:08 of 1st period - Jason Arnott wins face-off versus Joe Sakic in Jets zone.
11:49 of 1st period - Slapshot by Kris Versteeg.
11:49 of 1st period - Shot Misses the Net.
11:51 of 1st period - Snap shot by Kris Versteeg.
11:51 of 1st period - Stopped by Ilya Bryzgalov without a rebound.
11:52 of 1st period - Joe Sakic wins face-off versus Jason Arnott in Jets zone.
12:07 of 1st period - Penalty to Adam Burish is over, Adam Burish is back on ice.
13:22 of 1st period - Kristopher Letang is hit by Jeff Schultz.
14:20 of 1st period - Craig Rivet is hit by Jeff Schultz and loses puck.
14:55 of 1st period - Niklas Kronwall is hit by Nicklas Lidstrom and loses puck.
15:00 of 1st period - Slapshot by Brooks Laich.
15:00 of 1st period - Shot Blocked by Colin White.
15:10 of 1st period - Jussi Jokinen is hit by Brad Ference.
15:11 of 1st period - Minor Penalty to Brad Ference for Interference.
15:12 of 1st period - Jason Allison wins face-off versus Joe Sakic in Blackhawks zone.
15:13 of 1st period - Wrist shot by Shane Doan.
15:13 of 1st period - Shot Misses the Net.
17:07 of 1st period - Jason Arnott is hit by Francis Bouillon and loses puck.
17:11 of 1st period - Penalty to Brad Ference is over, Brad Ference is back on ice.
17:12 of 1st period - Backhand shot by Scott Gomez.
17:12 of 1st period - Stopped by Ilya Bryzgalov without a rebound.
17:13 of 1st period - Tuomo Ruutu wins face-off versus Scott Gomez in Jets zone.
17:24 of 1st period - Slapshot by Pavel Kubina.
17:24 of 1st period - Shot Misses the Net.
17:44 of 1st period - Snap shot by Loui Eriksson.
17:44 of 1st period - Stopped by Ilya Bryzgalov without a rebound.
17:45 of 1st period - Jason Arnott wins face-off versus Joe Sakic in Jets zone.
18:14 of 1st period - Wrist shot by Hnat Domenichelli.
18:14 of 1st period - Deflect By Scott Gomez.
18:14 of 1st period - Shot Misses the Net.
18:14 of 1st period - Puck is out of play.
18:15 of 1st period - Scott Gomez wins face-off versus Jason Allison in Jets zone.
18:16 of 1st period - Snap shot by Hnat Domenichelli.
18:16 of 1st period - Goal by Hnat Domenichelli - Jets : 0 - Blackhawks : 1.
18:17 of 1st period - Jason Allison wins face-off versus Joe Sakic in neutral zone.
18:45 of 1st period - Snap shot by Nicklas Lidstrom.
18:45 of 1st period - Stopped by Ilya Bryzgalov with a rebound.
19:13 of 1st period - Wrist shot by Martin Erat.
19:13 of 1st period - Stopped by Jocelyn Thibault with a rebound.
19:31 of 1st period - Slapshot by Tuomo Ruutu.
19:31 of 1st period - Shot Misses the Net.
19:43 of 1st period - Snap shot by Benoit Pouliot.
19:43 of 1st period - Shot Misses the Net.
19:45 of 1st period - Snap shot by Benoit Pouliot.
19:45 of 1st period - Shot Misses the Net.
19:47 of 1st period - Slapshot by Colin White.
19:47 of 1st period - Shot Misses the Net.
19:49 of 1st period - Wrist shot by Colin White.
19:49 of 1st period - Stopped by Jocelyn Thibault with a rebound.
2nd period
0:01 of 2nd period - Jason Arnott wins face-off versus Joe Sakic in neutral zone.
0:04 of 2nd period - Slapshot by Dmitri Kalinin.
0:04 of 2nd period - Stopped by Jocelyn Thibault without a rebound.
0:05 of 2nd period - Jason Arnott wins face-off versus Joe Sakic in Blackhawks zone.
0:59 of 2nd period - Darroll Powe is hit by Colby Armstrong and loses puck.
1:19 of 2nd period - Snap shot by Tuomo Ruutu.
1:19 of 2nd period - Shot Misses the Net.
1:33 of 2nd period - Wrist shot by Keith Tkachuk.
1:33 of 2nd period - Stopped by Jocelyn Thibault with a rebound.
1:35 of 2nd period - Slapshot by Keith Tkachuk.
1:35 of 2nd period - Stopped by Jocelyn Thibault without a rebound.
1:36 of 2nd period - Jason Allison wins face-off versus Joe Sakic in Blackhawks zone.
2:08 of 2nd period - Slapshot by Nicklas Lidstrom.
2:08 of 2nd period - Shot Misses the Net.
2:54 of 2nd period - Dmitri Kalinin is hit by Brad Ference.
3:06 of 2nd period - Snap shot by Joe Sakic.
3:06 of 2nd period - Shot Misses the Net.
3:08 of 2nd period - Snap shot by Joe Sakic.
3:08 of 2nd period - Stopped by Ilya Bryzgalov with a rebound.
3:10 of 2nd period - Wrist shot by Alexei Kovalev.
3:10 of 2nd period - Shot Misses the Net.
3:12 of 2nd period - Slapshot by Brad Ference.
3:12 of 2nd period - Stopped by Ilya Bryzgalov with a rebound.
3:16 of 2nd period - Snap shot by Kris Versteeg.
3:16 of 2nd period - Stopped by Ilya Bryzgalov with a rebound.
3:30 of 2nd period - Slapshot by Scott Gomez.
3:30 of 2nd period - Stopped by Ilya Bryzgalov without a rebound.
3:31 of 2nd period - Scott Gomez wins face-off versus Jason Arnott in Jets zone.
3:40 of 2nd period - Snap shot by Keith Tkachuk.
3:40 of 2nd period - Shot Blocked by Hnat Domenichelli.
4:19 of 2nd period - Snap shot by Adam Burish.
4:19 of 2nd period - Deflect By Jason Arnott.
4:19 of 2nd period - Shot Blocked by Nils Ekman.
4:19 of 2nd period - Puck is out of play.
4:20 of 2nd period - Jason Allison wins face-off versus Joe Sakic in Blackhawks zone.
4:20 of 2nd period - Jason Allison is hit by Nicklas Lidstrom.
4:58 of 2nd period - Slapshot by Daniel Carcillo.
4:58 of 2nd period - Shot Blocked by Dmitri Kalinin.
5:00 of 2nd period - Wrist shot by Daniel Carcillo.
5:00 of 2nd period - Shot Misses the Net.
5:12 of 2nd period - Chris Gratton is hit by Martin Erat and loses puck.
5:21 of 2nd period - Snap shot by Martin Erat.
5:21 of 2nd period - Deflect By Jussi Jokinen.
5:21 of 2nd period - Stopped by Jocelyn Thibault without a rebound.
5:22 of 2nd period - Joe Sakic wins face-off versus Jason Arnott in Blackhawks zone.
6:10 of 2nd period - Colby Armstrong is hit by Mike Leclerc and loses puck.
6:29 of 2nd period - Nicklas Lidstrom is hit by Shane Doan.
6:59 of 2nd period - Wrist shot by Jussi Jokinen.
6:59 of 2nd period - Shot Blocked by Craig Rivet.
7:01 of 2nd period - Wrist shot by Jeff Schultz.
7:01 of 2nd period - Shot Blocked by Craig Rivet.
7:03 of 2nd period - Wrist shot by Jussi Jokinen.
7:03 of 2nd period - Stopped by Jocelyn Thibault with a rebound.
7:05 of 2nd period - Snap shot by Darroll Powe.
7:05 of 2nd period - Stopped by Jocelyn Thibault without a rebound.
7:06 of 2nd period - Jason Allison wins face-off versus Scott Gomez in Blackhawks zone.
7:17 of 2nd period - Wrist shot by Jason Allison.
7:17 of 2nd period - Shot Misses the Net.
7:19 of 2nd period - Snap shot by Benoit Pouliot.
7:19 of 2nd period - Shot Misses the Net.
7:21 of 2nd period - Slapshot by Shane Doan.
7:21 of 2nd period - Stopped by Jocelyn Thibault without a rebound.
7:22 of 2nd period - Joe Sakic wins face-off versus Jason Arnott in Blackhawks zone.
7:22 of 2nd period - Joe Sakic is hit by Keith Tkachuk.
7:56 of 2nd period - Wrist shot by Hnat Domenichelli.
7:56 of 2nd period - Shot Blocked by Benoit Pouliot.
7:58 of 2nd period - Snap shot by Nils Ekman.
7:58 of 2nd period - Shot Blocked by Bryce Salvador.
9:03 of 2nd period - Wrist shot by Kris Versteeg.
9:03 of 2nd period - Shot Misses the Net.
9:32 of 2nd period - Minor Penalty to Scott Gomez for Diving.
9:33 of 2nd period - Jason Allison wins face-off versus Joe Sakic in Blackhawks zone.
9:38 of 2nd period - Wrist shot by Jason Allison.
9:38 of 2nd period - Goal by Jason Allison - Jets : 1 - Blackhawks : 1.
9:39 of 2nd period - Joe Sakic wins face-off versus Jason Allison in neutral zone.
9:42 of 2nd period - Slapshot by Francis Bouillon.
9:42 of 2nd period - Shot Misses the Net.
9:44 of 2nd period - Backhand shot by Alexei Kovalev.
9:44 of 2nd period - Stopped by Ilya Bryzgalov without a rebound.
9:45 of 2nd period - Jason Allison wins face-off versus Joe Sakic in Jets zone.
9:50 of 2nd period - Francis Bouillon is hit by Benoit Pouliot and loses puck.
10:28 of 2nd period - Wrist shot by Benoit Pouliot.
10:28 of 2nd period - Shot Misses the Net.
10:44 of 2nd period - Snap shot by Benoit Pouliot.
10:44 of 2nd period - Stopped by Jocelyn Thibault without a rebound.
10:45 of 2nd period - Scott Gomez wins face-off versus Jason Arnott in Blackhawks zone.
10:45 of 2nd period - Scott Gomez is hit by Keith Tkachuk.
11:01 of 2nd period - Snap shot by Keith Tkachuk.
11:01 of 2nd period - Shot Misses the Net.
11:15 of 2nd period - Chris Gratton is hit by Jussi Jokinen and loses puck.
11:39 of 2nd period - Snap shot by Tuomo Ruutu.
11:39 of 2nd period - Stopped by Jocelyn Thibault without a rebound.
11:40 of 2nd period - Scott Gomez wins face-off versus Tuomo Ruutu in Blackhawks zone.
12:06 of 2nd period - Slapshot by Mike Leclerc.
12:06 of 2nd period - Stopped by Jocelyn Thibault without a rebound.
12:07 of 2nd period - Jason Arnott wins face-off versus Joe Sakic in Blackhawks zone.
12:41 of 2nd period - Off-side.
12:42 of 2nd period - Scott Gomez wins face-off versus Jason Arnott in neutral zone.
13:02 of 2nd period - Minor Penalty to Chris Gratton for Hooking.
13:03 of 2nd period - Jason Allison wins face-off versus Joe Sakic in Blackhawks zone.
13:04 of 2nd period - Wrist shot by Benoit Pouliot.
13:04 of 2nd period - Shot Misses the Net.
13:06 of 2nd period - Wrist shot by Jason Allison.
13:06 of 2nd period - Stopped by Jocelyn Thibault with a rebound.
14:39 of 2nd period - Slapshot by Keith Tkachuk.
14:39 of 2nd period - Deflect By Jason Arnott.
14:39 of 2nd period - Stopped by Jocelyn Thibault without a rebound.
14:40 of 2nd period - Joe Sakic wins face-off versus Jason Allison in Blackhawks zone.
15:02 of 2nd period - Penalty to Chris Gratton is over, Chris Gratton is back on ice.
15:16 of 2nd period - Jeff Schultz is hit by Brooks Laich and loses puck.
15:25 of 2nd period - Snap shot by Sergei Shirokov.
15:25 of 2nd period - Stopped by Ilya Bryzgalov with a rebound.
16:15 of 2nd period - Wrist shot by Daniel Carcillo.
16:15 of 2nd period - Shot Misses the Net.
16:17 of 2nd period - Wrist shot by Daniel Carcillo.
16:17 of 2nd period - Goal by Daniel Carcillo - Jets : 1 - Blackhawks : 2.
16:18 of 2nd period - Joe Sakic wins face-off versus Keith Tkachuk in neutral zone.
16:52 of 2nd period - Snap shot by Darroll Powe.
16:52 of 2nd period - Shot Misses the Net.
16:54 of 2nd period - Backhand shot by Darroll Powe.
16:54 of 2nd period - Goal by Darroll Powe - Jets : 2 - Blackhawks : 2.
16:55 of 2nd period - Jason Arnott wins face-off versus Scott Gomez in neutral zone.
17:20 of 2nd period - Benoit Pouliot is hit by Joe Sakic and loses puck.
17:30 of 2nd period - Minor Penalty to Joe Sakic for Roughing.
17:30 of 2nd period - Minor Penalty to Bryce Salvador for Interference.
17:31 of 2nd period - Chris Gratton wins face-off versus Jason Allison in neutral zone.
18:24 of 2nd period - Backhand shot by Jason Arnott.
18:24 of 2nd period - Stopped by Jocelyn Thibault with a rebound.
19:02 of 2nd period - Keith Tkachuk is hit by Francis Bouillon and loses puck.
19:29 of 2nd period - Jussi Jokinen is hit by Daniel Carcillo.
19:30 of 2nd period - Penalty to Joe Sakic is over, Joe Sakic is back on ice.
19:30 of 2nd period - Penalty to Bryce Salvador is over, Bryce Salvador is back on ice.
3rd period
0:01 of 3rd period - Joe Sakic wins face-off versus Jason Allison in neutral zone.
0:30 of 3rd period - Wrist shot by Loui Eriksson.
0:30 of 3rd period - Shot Misses the Net.
0:32 of 3rd period - Wrist shot by Brad Ference.
0:32 of 3rd period - Stopped by Ilya Bryzgalov without a rebound.
0:33 of 3rd period - Keith Tkachuk wins face-off versus Chris Gratton in Jets zone.
0:33 of 3rd period - Keith Tkachuk is hit by Loui Eriksson.
0:50 of 3rd period - Jason Arnott is hit by Chris Gratton and loses puck.
1:07 of 3rd period - Slapshot by Alexei Kovalev.
1:07 of 3rd period - Stopped by Ilya Bryzgalov without a rebound.
1:08 of 3rd period - Joe Sakic wins face-off versus Jason Allison in Jets zone.
1:09 of 3rd period - Wrist shot by Alexei Kovalev.
1:09 of 3rd period - Shot Blocked by Shane Doan.
1:21 of 3rd period - Minor Penalty to Benoit Pouliot for Hooking.
1:22 of 3rd period - Joe Sakic wins face-off versus Jason Arnott in Jets zone.
1:25 of 3rd period - Snap shot by Joe Sakic.
1:25 of 3rd period - Stopped by Ilya Bryzgalov with a rebound.
1:55 of 3rd period - Dmitri Kalinin is hit by Steve McCarthy and loses puck.
3:21 of 3rd period - Penalty to Benoit Pouliot is over, Benoit Pouliot is back on ice.
3:23 of 3rd period - Off-side.
3:24 of 3rd period - Brooks Laich wins face-off versus Jason Allison in neutral zone.
3:33 of 3rd period - Off-side.
3:34 of 3rd period - Jason Allison wins face-off versus Loui Eriksson in neutral zone.
4:22 of 3rd period - Martin Erat is hit by Scott Gomez.
4:40 of 3rd period - Minor Penalty to Steve McCarthy for Holding.
4:41 of 3rd period - Benoit Pouliot wins face-off versus Kris Versteeg in Blackhawks zone.
5:13 of 3rd period - Icing by Martin Erat.
5:14 of 3rd period - Alexei Kovalev wins face-off versus Jason Arnott in Jets zone.
5:25 of 3rd period - Snap shot by Jason Arnott.
5:25 of 3rd period - Stopped by Jocelyn Thibault with a rebound.
5:27 of 3rd period - Wrist shot by Jason Arnott.
5:27 of 3rd period - Deflect By Keith Tkachuk.
5:27 of 3rd period - Stopped by Jocelyn Thibault with a rebound.
5:29 of 3rd period - Snap shot by Jason Arnott.
5:29 of 3rd period - Stopped by Jocelyn Thibault without a rebound.
5:30 of 3rd period - Joe Sakic wins face-off versus Jason Allison in Blackhawks zone.
6:28 of 3rd period - Dmitri Kalinin is hit by Scott Gomez and loses puck.
6:34 of 3rd period - Minor Penalty to Alexei Kovalev for Tripping.
6:35 of 3rd period - Jason Allison wins face-off versus Joe Sakic in Blackhawks zone.
6:40 of 3rd period - Penalty to Steve McCarthy is over, Steve McCarthy is back on ice.
7:23 of 3rd period - Kristopher Letang is hit by Jeff Schultz.
8:34 of 3rd period - Penalty to Alexei Kovalev is over, Alexei Kovalev is back on ice.
8:45 of 3rd period - Wrist shot by Chris Gratton.
8:45 of 3rd period - Stopped by Ilya Bryzgalov without a rebound.
8:46 of 3rd period - Tuomo Ruutu wins face-off versus Scott Gomez in Jets zone.
8:46 of 3rd period - Tuomo Ruutu is hit by Craig Rivet.
8:51 of 3rd period - Minor Penalty to Brad Ference for High sticking.
8:52 of 3rd period - Jason Allison wins face-off versus Joe Sakic in Blackhawks zone.
8:53 of 3rd period - Snap shot by Benoit Pouliot.
8:53 of 3rd period - Shot Misses the Net.
8:55 of 3rd period - Snap shot by Benoit Pouliot.
8:55 of 3rd period - Stopped by Jocelyn Thibault without a rebound.
8:56 of 3rd period - Joe Sakic wins face-off versus Jason Allison in Blackhawks zone.
9:05 of 3rd period - Kris Versteeg is hit by Benoit Pouliot and loses puck.
9:28 of 3rd period - Snap shot by Shane Doan.
9:28 of 3rd period - Shot Misses the Net.
9:30 of 3rd period - Wrist shot by Benoit Pouliot.
9:30 of 3rd period - Deflect By Scott Gomez.
9:30 of 3rd period - Stopped by Jocelyn Thibault with a rebound.
9:32 of 3rd period - Snap shot by Jeff Schultz.
9:32 of 3rd period - Shot Hit the Post.
9:54 of 3rd period - Wrist shot by Jason Allison.
9:54 of 3rd period - Stopped by Jocelyn Thibault without a rebound.
9:55 of 3rd period - Jason Arnott wins face-off versus Joe Sakic in Blackhawks zone.
10:38 of 3rd period - Francis Bouillon is hit by Dmitri Kalinin and loses puck.
10:51 of 3rd period - Penalty to Brad Ference is over, Brad Ference is back on ice.
10:59 of 3rd period - Backhand shot by Pavel Kubina.
10:59 of 3rd period - Stopped by Jocelyn Thibault with a rebound.
11:01 of 3rd period - Wrist shot by Pavel Kubina.
11:01 of 3rd period - Shot Blocked by Alexei Kovalev.
11:03 of 3rd period - Slapshot by Tuomo Ruutu.
11:03 of 3rd period - Stopped by Jocelyn Thibault without a rebound.
11:04 of 3rd period - Tuomo Ruutu wins face-off versus Chris Gratton in Blackhawks zone.
11:17 of 3rd period - Snap shot by David Vyborny.
11:17 of 3rd period - Shot Misses the Net.
11:19 of 3rd period - Snap shot by Colin White.
11:19 of 3rd period - Deflect By David Vyborny.
11:19 of 3rd period - Shot Misses the Net.
11:19 of 3rd period - Puck is out of play.
11:20 of 3rd period - Joe Sakic wins face-off versus Jason Allison in Blackhawks zone.
11:45 of 3rd period - Kristopher Letang is hit by Jason Arnott and loses puck.
12:01 of 3rd period - Jason Arnott is hit by Hnat Domenichelli and loses puck.
13:08 of 3rd period - Craig Rivet is hit by David Vyborny and loses puck.
14:16 of 3rd period - Snap shot by Jussi Jokinen.
14:16 of 3rd period - Stopped by Jocelyn Thibault without a rebound.
14:17 of 3rd period - Scott Gomez wins face-off versus Darroll Powe in Blackhawks zone.
15:36 of 3rd period - Joe Sakic is hit by Keith Tkachuk.
15:54 of 3rd period - Wrist shot by Kris Versteeg.
15:54 of 3rd period - Deflect By Jason Arnott.
15:54 of 3rd period - Stopped by Ilya Bryzgalov with a rebound.
15:56 of 3rd period - Wrist shot by Alexei Kovalev.
15:56 of 3rd period - Shot Blocked by Jason Arnott.
15:58 of 3rd period - Slapshot by Francis Bouillon.
15:58 of 3rd period - Deflect By Alexei Kovalev.
15:58 of 3rd period - Stopped by Ilya Bryzgalov without a rebound.
15:59 of 3rd period - Chris Gratton wins face-off versus Darroll Powe in Jets zone.
16:02 of 3rd period - Snap shot by Loui Eriksson.
16:02 of 3rd period - Stopped by Ilya Bryzgalov without a rebound.
16:03 of 3rd period - Darroll Powe wins face-off versus Chris Gratton in Jets zone.
16:03 of 3rd period - Darroll Powe is hit by Steve McCarthy.
16:22 of 3rd period - Darroll Powe is hit by Loui Eriksson and loses puck.
16:31 of 3rd period - Wrist shot by Martin Erat.
16:31 of 3rd period - Shot Blocked by Chris Gratton.
16:39 of 3rd period - Wrist shot by Darroll Powe.
16:39 of 3rd period - Shot Hit the Post.
16:41 of 3rd period - Slapshot by Pavel Kubina.
16:41 of 3rd period - Deflect By Chris Gratton.
16:41 of 3rd period - Stopped by Jocelyn Thibault with a rebound.
16:43 of 3rd period - Slapshot by Darroll Powe.
16:43 of 3rd period - Shot Misses the Net.
16:45 of 3rd period - Snap shot by Darroll Powe.
16:45 of 3rd period - Stopped by Jocelyn Thibault with a rebound.
16:47 of 3rd period - Snap shot by Jussi Jokinen.
16:47 of 3rd period - Deflect By Darroll Powe.
16:47 of 3rd period - Stopped by Jocelyn Thibault with a rebound.
16:49 of 3rd period - Snap shot by Martin Erat.
16:49 of 3rd period - Shot Blocked by Colby Armstrong.
16:51 of 3rd period - Slapshot by Jussi Jokinen.
16:51 of 3rd period - Stopped by Jocelyn Thibault with a rebound.
16:53 of 3rd period - Slapshot by Jeff Schultz.
16:53 of 3rd period - Stopped by Jocelyn Thibault with a rebound.
16:55 of 3rd period - Slapshot by Martin Erat.
16:55 of 3rd period - Shot Blocked by Steve McCarthy.
16:57 of 3rd period - Wrist shot by Darroll Powe.
16:57 of 3rd period - Stopped by Jocelyn Thibault with a rebound.
16:59 of 3rd period - Slapshot by Pavel Kubina.
16:59 of 3rd period - Stopped by Jocelyn Thibault with a rebound.
17:01 of 3rd period - Slapshot by Jeff Schultz.
17:01 of 3rd period - Shot Misses the Net.
17:02 of 3rd period - Minor Penalty to Colby Armstrong for Tripping.
17:03 of 3rd period - Jason Allison wins face-off versus Joe Sakic in Blackhawks zone.
17:28 of 3rd period - Nicklas Lidstrom is hit by Martin Erat and loses puck.
18:04 of 3rd period - Joe Sakic is hit by Adam Burish and loses puck.
19:02 of 3rd period - Penalty to Colby Armstrong is over, Colby Armstrong is back on ice.
19:27 of 3rd period - Dmitri Kalinin is hit by Alexei Kovalev and loses puck.
Overtime #1
0:01 of 1st overtime period - Joe Sakic wins face-off versus Jason Allison in neutral zone.
0:08 of 1st overtime period - Wrist shot by Joe Sakic.
0:08 of 1st overtime period - Shot Misses the Net.
0:54 of 1st overtime period - Wrist shot by Martin Erat.
0:54 of 1st overtime period - Stopped by Jocelyn Thibault without a rebound.
0:55 of 1st overtime period - Jason Allison wins face-off versus Joe Sakic in Blackhawks zone.
1:08 of 1st overtime period - Slapshot by Kris Versteeg.
1:08 of 1st overtime period - Shot Misses the Net.
1:10 of 1st overtime period - Slapshot by Kristopher Letang.
1:10 of 1st overtime period - Deflect By Niklas Kronwall.
1:10 of 1st overtime period - Stopped by Ilya Bryzgalov with a rebound.
1:35 of 1st overtime period - Jeff Schultz is hit by Chris Gratton and loses puck.
2:06 of 1st overtime period - Snap shot by Alexei Kovalev.
2:06 of 1st overtime period - Shot Misses the Net.
2:08 of 1st overtime period - Snap shot by Joe Sakic.
2:08 of 1st overtime period - Shot Blocked by Dmitri Kalinin.
2:10 of 1st overtime period - Slapshot by Kristopher Letang.
2:10 of 1st overtime period - Deflect By Benoit Pouliot.
2:10 of 1st overtime period - Stopped by Ilya Bryzgalov without a rebound.
2:11 of 1st overtime period - Joe Sakic wins face-off versus Jason Arnott in Jets zone.
2:14 of 1st overtime period - Snap shot by Joe Sakic.
2:14 of 1st overtime period - Shot Misses the Net.
2:16 of 1st overtime period - Slapshot by Alexei Kovalev.
2:16 of 1st overtime period - Stopped by Ilya Bryzgalov without a rebound.
2:17 of 1st overtime period - Joe Sakic wins face-off versus Jason Arnott in Jets zone.
2:18 of 1st overtime period - Wrist shot by Kris Versteeg.
2:18 of 1st overtime period - Stopped by Ilya Bryzgalov with a rebound.
2:20 of 1st overtime period - Slapshot by Nicklas Lidstrom.
2:20 of 1st overtime period - Stopped by Ilya Bryzgalov with a rebound.
2:22 of 1st overtime period - Wrist shot by Joe Sakic.
2:22 of 1st overtime period - Stopped by Ilya Bryzgalov without a rebound.
2:23 of 1st overtime period - Joe Sakic wins face-off versus Jason Arnott in Jets zone.
2:50 of 1st overtime period - Dmitri Kalinin is hit by Nils Ekman and loses puck.
2:52 of 1st overtime period - Minor Penalty to Scott Gomez for Hooking.
2:53 of 1st overtime period - Jason Allison wins face-off versus Joe Sakic in Blackhawks zone.
4:07 of 1st overtime period - Icing by Benoit Pouliot.
4:08 of 1st overtime period - Jason Arnott wins face-off versus Alexei Kovalev in Jets zone.
4:52 of 1st overtime period - Penalty to Scott Gomez is over, Scott Gomez is back on ice.
5:09 of 1st overtime period - David Vyborny is hit by Alexei Kovalev and loses puck.
6:07 of 1st overtime period - Kristopher Letang is hit by Dmitri Kalinin.
6:21 of 1st overtime period - Backhand shot by Nicklas Lidstrom.
6:21 of 1st overtime period - Stopped by Ilya Bryzgalov with a rebound.
6:23 of 1st overtime period - Slapshot by Francis Bouillon.
6:23 of 1st overtime period - Stopped by Ilya Bryzgalov without a rebound.
6:24 of 1st overtime period - Joe Sakic wins face-off versus Tuomo Ruutu in Jets zone.
7:31 of 1st overtime period - Snap shot by Daniel Carcillo.
7:31 of 1st overtime period - Shot Blocked by Dmitri Kalinin.
7:33 of 1st overtime period - Slapshot by Craig Rivet.
7:33 of 1st overtime period - Shot Blocked by Darroll Powe.
7:35 of 1st overtime period - Slapshot by Brooks Laich.
7:35 of 1st overtime period - Shot Misses the Net.
7:37 of 1st overtime period - Snap shot by Sergei Shirokov.
7:37 of 1st overtime period - Stopped by Ilya Bryzgalov with a rebound.
7:39 of 1st overtime period - Wrist shot by Daniel Carcillo.
7:39 of 1st overtime period - Stopped by Ilya Bryzgalov with a rebound.
7:41 of 1st overtime period - Slapshot by Sergei Shirokov.
7:41 of 1st overtime period - Shot Misses the Net.
7:43 of 1st overtime period - Wrist shot by Sergei Shirokov.
7:43 of 1st overtime period - Stopped by Ilya Bryzgalov with a rebound.
7:59 of 1st overtime period - Minor Penalty to Joe Sakic for Hooking.
8:00 of 1st overtime period - Brooks Laich wins face-off versus Jason Allison in Blackhawks zone.
8:55 of 1st overtime period - Kristopher Letang is hit by Benoit Pouliot and loses puck.
9:59 of 1st overtime period - Penalty to Joe Sakic is over, Joe Sakic is back on ice.
9:59 of 1st overtime period - Chris Gratton is hit by Jussi Jokinen and loses puck.
10:19 of 1st overtime period - Minor Penalty to Mike Leclerc for Holding.
10:20 of 1st overtime period - Jason Arnott wins face-off versus Scott Gomez in Jets zone.
10:20 of 1st overtime period - Jason Arnott is hit by Nils Ekman.
11:10 of 1st overtime period - Bryce Salvador is hit by Kristopher Letang and loses puck.
12:19 of 1st overtime period - Penalty to Mike Leclerc is over, Mike Leclerc is back on ice.
13:01 of 1st overtime period - Slapshot by Jussi Jokinen.
13:01 of 1st overtime period - Shot Misses the Net.
13:03 of 1st overtime period - Snap shot by Jason Allison.
13:03 of 1st overtime period - Shot Blocked by Steve McCarthy.
13:07 of 1st overtime period - Slapshot by Mike Leclerc.
13:07 of 1st overtime period - Stopped by Jocelyn Thibault with a rebound.
13:09 of 1st overtime period - Slapshot by Colin White.
13:09 of 1st overtime period - Deflect By Jason Allison.
13:09 of 1st overtime period - Shot Blocked by Alexei Kovalev.
13:09 of 1st overtime period - Puck is out of play.
13:10 of 1st overtime period - Jason Arnott wins face-off versus Chris Gratton in Blackhawks zone.
13:15 of 1st overtime period - Wrist shot by Adam Burish.
13:15 of 1st overtime period - Stopped by Jocelyn Thibault with a rebound.
13:21 of 1st overtime period - Snap shot by Chris Gratton.
13:21 of 1st overtime period - Shot Hit the Post.
13:23 of 1st overtime period - Slapshot by Craig Rivet.
13:23 of 1st overtime period - Stopped by Ilya Bryzgalov without a rebound.
13:24 of 1st overtime period - Jason Arnott wins face-off versus Nils Ekman in Jets zone.
13:31 of 1st overtime period - Snap shot by Keith Tkachuk.
13:31 of 1st overtime period - Stopped by Jocelyn Thibault with a rebound.
13:51 of 1st overtime period - Chris Gratton is hit by Benoit Pouliot and loses puck.
14:13 of 1st overtime period - Icing by Nicklas Lidstrom.
14:14 of 1st overtime period - Jason Arnott wins face-off versus Brooks Laich in Blackhawks zone.
14:29 of 1st overtime period - Wrist shot by Brooks Laich.
14:29 of 1st overtime period - Deflect By Daniel Carcillo.
14:29 of 1st overtime period - Shot Blocked by Colin White.
14:29 of 1st overtime period - Puck is out of play.
14:30 of 1st overtime period - Jason Allison wins face-off versus Scott Gomez in Jets zone.
14:57 of 1st overtime period - Wrist shot by Alexei Kovalev.
14:57 of 1st overtime period - Shot Misses the Net.
15:17 of 1st overtime period - Niklas Kronwall is hit by Colby Armstrong and loses puck.
15:36 of 1st overtime period - Daniel Carcillo is hit by Jason Allison and loses puck.
15:43 of 1st overtime period - Wrist shot by Jason Allison.
15:43 of 1st overtime period - Stopped by Jocelyn Thibault with a rebound.
15:45 of 1st overtime period - Wrist shot by Benoit Pouliot.
15:45 of 1st overtime period - Deflect By Jason Allison.
15:45 of 1st overtime period - Shot Misses the Net.
15:45 of 1st overtime period - Puck is out of play.
15:46 of 1st overtime period - Chris Gratton wins face-off versus Darroll Powe in Blackhawks zone.
15:53 of 1st overtime period - Bryce Salvador is hit by Steve McCarthy.
16:03 of 1st overtime period - Chris Gratton is hit by Martin Erat and loses puck.
16:37 of 1st overtime period - Steve McCarthy is hit by Shane Doan and loses puck.
17:20 of 1st overtime period - Loui Eriksson is hit by Dmitri Kalinin and loses puck.
17:56 of 1st overtime period - Wrist shot by Jason Allison.
17:56 of 1st overtime period - Shot Blocked by Scott Gomez.
18:24 of 1st overtime period - Backhand shot by Adam Burish.
18:24 of 1st overtime period - Shot Blocked by Chris Gratton.
18:26 of 1st overtime period - Slapshot by Keith Tkachuk.
18:26 of 1st overtime period - Stopped by Jocelyn Thibault without a rebound.
18:27 of 1st overtime period - Kris Versteeg wins face-off versus Darroll Powe in Blackhawks zone.
18:42 of 1st overtime period - Wrist shot by Darroll Powe.
18:42 of 1st overtime period - Shot Misses the Net.
19:23 of 1st overtime period - Wrist shot by Jason Arnott.
19:23 of 1st overtime period - Shot Blocked by Craig Rivet.
19:25 of 1st overtime period - Slapshot by Adam Burish.
19:25 of 1st overtime period - Jets goal is going for a video replay.
19:25 of 1st overtime period - The goal is good.
19:25 of 1st overtime period - Goal by Adam Burish - Jets : 3 - Blackhawks : 2.
Output by the SimonT Hockey Simulator (STHS) for François Prévost -- Original Page W3C XHTML 1.0 Valid